 Dungeon Crawl Stone Soup version 0.29-a0-1023-g6ae1a4a2c7 (webtiles) character file.

Game seed: 3455910447116801472

35 gelatine the Firebug (level 3, -3/24 HPs)
             Began as a Demonspawn Fire Elementalist on Aug 10, 2022.
             Slain by Crazy Yiuf
             ... wielding a +4 quarterstaff of chaos
              (12 damage)
             ... on level 2 of the Dungeon on Aug 12, 2022.
             The game lasted 00:03:36 (2171 turns).

gelatine the Firebug (Demonspawn Fire Elementalist) Turns: 2171, Time: 00:03:37

Health: -3/24      AC:  2    Str:  8    XL:     3   Next: 17%
Magic:  0/6        EV: 12    Int: 18    God:
Gold:   94         SH:  0    Dex: 13    Spells: 3/6 levels left

rFire   . . .      SeeInvis .   d - +0 mace
rCold   . . .      Faith    .   (no shield)
rNeg    . . .      Spirit   .   a - +0 robe
rPois   .          Reflect  .   (no helmet)
rElec   .          Harm     .   (no cloak)
rCorr   .          Rampage  .   (no gloves)
Will    .....                   (no boots)
Stlth   ++........              (no amulet)
HPRegen 0.08/turn               n - ring of flight
MPRegen 0.10/turn               (no ring)

@: lethally poisoned (-3 -> -11), flying
A: ignite blood 1, powered by death 1
a: no special abilities


You were on level 2 of the Dungeon.
You visited 1 branch of the dungeon, and saw 2 of its levels.

You collected 94 gold pieces.

Inventory:

Hand Weapons
 d - a +0 mace (weapon)
Missiles
 j - 2 poisoned darts
Armour
 a - a +0 robe (worn)
Jewellery
 n - a ring of flight (left hand)
Scrolls
 f - 4 scrolls of identify {unknown}
 h - a scroll of noise {unknown}
 i - a scroll of magic mapping {unknown}
 l - a scroll of enchant armour {unknown}
 m - a scroll of immolation {unknown}
Potions
 b - a potion of magic
 c - a potion of brilliance {unknown}
 e - a potion of lignification {unknown}
 g - 3 potions of degeneration {unknown}
 k - a potion of ambrosia {unknown}


   Skills:
 + Level 0.2 Maces & Flails
 + Level 1.8 Dodging
 + Level 1.9 Stealth
 + Level 2.3 Spellcasting
 + Level 1.2 Conjurations
 + Level 3.4 Fire Magic


You had 3 spell levels left.
You knew the following spells:

 Your Spells              Type           Power      Damage    Failure   Level
a - Foxfire               Conj/Fire      40%        2x1d6     7%          1
b - Scorch                Fire           28%        2d6       6%          2

Your spell library contained the following spells:

 Spells                   Type           Power      Damage    Failure   Level
 Conjure Flame            Conj/Fire      10%        6-21      21%         3
 Inner Flame              Hex/Fire       8%         N/A       26%         3
 Flame Wave               Conj/Fire      10%        2d6       54%         4


Dungeon Overview and Level Annotations

Branches:
Dungeon (2/15)

Altars:

Annotations:
D:2 Crazy Yiuf


Innate Abilities, Weirdness & Mutations

Your demonic aura sometimes causes spilled blood to erupt in flames.
You regenerate a little health from kills.


Message History

Crazy Yiuf says, "Action!
Sif Muna hog tortoise."
There is a stone staircase leading down here.
Found a mace.
Found a stone staircase leading up.
There is a stone staircase leading up here.
You see here a +0 mace.
There is a stone staircase leading up here.
There is a stone staircase leading down here.
Crazy Yiuf shouts!
Memorise Scorch, consuming 2 spell levels and leaving 3?
You start memorising the spell.
You continue memorising.
Crazy Yiuf says, "Fluff dark green!"
You continue memorising.
You finish memorising.
Spell assigned to 'b'.
You reach down and open the door.
Crazy Yiuf is nearby!
Casting: Foxfire (safe; 7% risk of failure)
Confirm with . or Enter, or press ? or * to list all spells.
Flames lash Crazy Yiuf but do no damage.
Crazy Yiuf closely misses you.
Casting: Scorch (safe; 6% risk of failure)
Confirm with . or Enter, or press ? or * to list all spells.
Flames lash Crazy Yiuf.
Crazy Yiuf is moderately wounded.
Crazy Yiuf's fire resistance burns away.
Crazy Yiuf closely misses you.
Casting: Scorch (safe; 6% risk of failure)
Confirm with . or Enter, or press ? or * to list all spells.
Flames lash Crazy Yiuf.
Crazy Yiuf is burned terribly!
Crazy Yiuf is almost dead.
Crazy Yiuf hits you with a +4 quarterstaff of chaos!
You are poisoned.
Casting: Scorch (safe; 6% risk of failure)
Confirm with . or Enter, or press ? or * to list all spells.
You don't have enough magic to cast this spell.
You barely miss Crazy Yiuf.
Crazy Yiuf is almost dead.
You feel very sick.
Crazy Yiuf hits you with a +4 quarterstaff of chaos!
Ouch! That really hurt!
You die...

............[..#
#.###........
..########.###.# #.#
#........ #.# #.#...#
#.# #........ #.#
####### ### #........
#.# #........ #.#
♣♣♣♣♣##........ #.#
### ♣♣♣.♣.♣#.........
#.#
#...#♣..♣.............
#.#
#...g@♣♣♣♣......######
#.######## #)..#♣♣
♣♣.#..## #.)......#
### ♣♣#### ##########


You could see Crazy Yiuf (combustible).

Vanquished Creatures
  An adder (D:2)
  A worm (D:2)
  2 bats
  4 endoplasms
  A goblin (D:2)
  A hobgoblin (D:2)
  3 jackals (D:1)
  2 kobolds
  4 ball pythons
  A rat (D:2)
20 creatures vanquished.

Vanquished Creatures (others)
  74 foxfires
74 creatures vanquished.

Grand Total: 94 creatures vanquished

Notes
Turn   | Place    | Note
-------+----------+-------------------------------------------
     0 | D:1      | gelatine the Demonspawn Fire Elementalist began the quest
                  | for the Orb.
     0 | D:1      | Reached XP level 1. HP: 13/13 MP: 3/3
     8 | D:1      | Upgraded the game from 0.29-a0-1019-g84f7d21838 to
                  | 0.29-a0-1023-g6ae1a4a2c7
   463 | D:1      | Reached skill level 3 in Fire Magic
   466 | D:1      | Gained mutation: Your demonic aura sometimes causes spilled
                  | blood to erupt in flames. [demonic ancestry]
   466 | D:1      | Reached XP level 2. HP: 8/19 MP: 0/5
  1041 | D:2      | Found a faded altar of an unknown god.
  1430 | D:2      | Gained mutation: You regenerate a little health from kills.
                  | [demonic ancestry]
  1430 | D:2      | Reached XP level 3. HP: 24/24 MP: 2/6
  2002 | D:2      | Found a runed translucent door.
  2003 | D:2      | Noticed Crazy Yiuf
  2167 | D:2      | Learned a level 2 spell: Scorch
  2171 | D:2      | Slain by Crazy Yiuf

Illustrated notes

Levels and vault maps discovered:
D:1:      minmay_arrival_radiant_lines, layout_loops_ring
D:2:      layout_basic, hellmonk_ecumenical_altar_slurped_away,
          uniq_crazy_yiuf_cottage

Skill      XL: |  1 |
---------------+----+-----
Fire Magic     | 3 |  3.4
Maces & Flails | |  0.2
Dodging        | |  1.8
Stealth        | |  1.9
Spellcasting   | |  2.3
Conjurations   | |  1.2

Action                   || total
-------------------------++-------
Melee: Mace              ||    13
 Cast: Foxfire           ||    43
       Scorch            ||     3
Armor: Robe              ||     2
Dodge: Dodged            ||    15

Table legend: (Time is in decaauts)
 A = Elapsed time spent in this place.
 B = Non-inter-level travel time spent in this place.
 C = Inter-level travel time spent in this place.
 D = Time resting spent in this place.
 E = Time spent auto-exploring this place.
 F = Levels seen in this place.
 G = Mean time per level.
                   A        B        C        D        E       F      G
               +--------+--------+--------+--------+--------+-----+--------+
         Total |   2174 |   2129 |     45 |      0 |   1937 |   2 | 1087.0 |
       Dungeon |   2174 |   2129 |     45 |      0 |   1937 |   2 | 1087.0 |
               +--------+--------+--------+--------+--------+-----+--------+

Top non-repeatable levels by time:
     D:2: 1199 daAuts
     D:1: 974 daAuts
